 Dungeon Crawl Stone Soup version 0.21.0-37-g46506fa (webtiles) character file.

287 Miyamura the Skirmisher (level 6, -14/48 HPs)
             Began as a Mummy Wanderer on Feb 1, 2018.
             Demolished by Menkaure (17 damage)
             ... on level 4 of the Dungeon.
             The game lasted 00:06:19 (3258 turns).

Miyamura the Skirmisher (Mummy Wanderer)            Turns: 3258, Time: 00:06:19

Health: -14/48     AC: 11    Str: 20    XL:     6   Next: 8%
Magic:  11/11      EV:  8    Int: 13    God:
Gold:   266        SH:  5    Dex: 12    Spells: 12/12 levels left

rFire    x . .     SeeInvis .   f - +2 spear (vamp)
rCold    + . .     Gourm    .   (no shield)
rNeg     + + +     Faith    .   m - +1 chain mail
rPois    ∞         Spirit   .   (no helmet)
rElec    .         Reflect  +   (no cloak)
rCorr    .         Harm     .   l - +0 pair of gloves
MR       .....                  e - +0 pair of boots
Stlth    ..........             k - +5 amulet of reflection
HPRegen  0.16/turn              g - +5 ring of strength
MPRegen  0.12/turn              (no ring)

@: no status effects
A: no food or potions, fire vulnerability, cold resistance 1, negative energy
resistance 3, torment resistance, unbreathing
a: no special abilities


You were on level 4 of the Dungeon.
You were not hungry.

You visited 1 branch of the dungeon, and saw 4 of its levels.

You collected 266 gold pieces.

Inventory:

Hand Weapons
 a - a +2 shortbow
 f - a +2 vampiric spear (weapon)
 i - a +1 whip of freezing
Missiles
 b - 57 arrows
Armour
 e - a +0 pair of boots (worn)
 l - a +0 pair of gloves (worn)
 m - a +1 chain mail (worn)
Jewellery
 g - a +5 ring of strength (left hand)
 k - a +5 amulet of reflection (around neck)
Wands
 j - a wand of random effects (29)
 n - a wand of disintegration (13)
Scrolls
 d - 3 scrolls of teleportation
 h - a scroll of magic mapping
Books
 c - Sif Muna's Handbook of the Voyage

   Spells                             Type                      Level
   a - Apportation                    Translocation                1
   b - Recall                         Summoning/Translocation      3


   Skills:
 + Level 4.0 Fighting
 + Level 0.9 Polearms
 + Level 2.6 Bows
 + Level 1.1 Armour
 + Level 1.9 Dodging
 - Level 2.1 Stealth
 - Level 3.7 Spellcasting
   Level 1.0 Conjurations
 - Level 1.0 Evocations


You had 12 spell levels left.
You didn't know any spells.

Dungeon Overview and Level Annotations

Branches:
Dungeon (4/15)
 Temple: D:4-7

Altars:
Vehumet
Yredelemnul

Annotations:
D:4 Menkaure


Innate Abilities, Weirdness & Mutations

You do not eat or drink.
Your flesh is vulnerable to fire.
You are immune to poison.
Your flesh is cold resistant. (rC+)
You are immune to negative energy. (rN+++)
You are immune to unholy pain and torment.
You can survive without breathing.


Message History

Menkaure closely misses you.
You barely miss Menkaure.
Menkaure is heavily damaged.
Menkaure casts a spell.
Menkaure seems to speed up.
You hit Menkaure.
Menkaure is severely damaged.
Menkaure hits you!
You are too injured to fight recklessly!
You are too injured to fight recklessly!
You are too injured to fight recklessly!
Your chain mail prevents you from hitting Menkaure.
Menkaure is severely damaged.
Menkaure hits you!!
Menkaure blazes with dark energy!
You block Menkaure's attack.
You closely miss Menkaure.
Menkaure is severely damaged.
Menkaure hits you!
You die...

......#..........
..........#..........
.........#..........
........#..........
.......###.###.... ##
#....#####.###.... #..
#....#...'..#.....
#...#....#...#..#.....
#...M@.>.#...#..#.....
#..##....#'###########
# ######......#
#....#......#
#....'......#
#...###..†...# ##
........# ..........#
#..........#


You could see Menkaure.

Vanquished Creatures
  A hound (D:2)
  A centaur skeleton (D:4)
  A worker ant (D:4)
  A worker ant zombie (D:2)
  6 gnolls
  3 adders
  An ooze (D:1)
  An adder skeleton (D:2)
  3 worms
  3 dart slugs (D:1)
  A leopard gecko (D:1)
  2 ball pythons
  4 bats
  A bat skeleton (D:2)
  8 giant cockroaches
  6 goblins
  10 hobgoblins
  4 jackals (D:1)
  14 kobolds
  A quokka (D:3)
  4 frilled lizards
  A giant cockroach zombie (D:2)
  A jackal skeleton (D:2)
  A jackal zombie (D:2)
  A leopard gecko skeleton (D:2)
  2 leopard gecko zombies (D:2)
  A quokka skeleton (D:2)
  12 rats
95 creatures vanquished.

Notes
Turn   | Place    | Note
-------+----------+-------------------------------------------
     0 | D:1      | Miyamura the Mummy Wanderer began the quest for the Orb.
     0 | D:1      | Miyamura set off with: a +2 shortbow, 21 arrows, Sif Muna's Handbook of the Voyage, a scroll of teleportation, a +0 robe
     0 | D:1      | Reached XP level 1. HP: 18/18 MP: 4/4
   215 | D:1      | Reached XP level 2. HP: 20/24 MP: 5/5
   655 | D:1      | Reached XP level 3. HP: 23/29 MP: 7/7
   720 | D:1      | Identified Sif Muna's Handbook of the Voyage
  1294 | D:2      | Reached skill level 1 in Dodging
  1355 | D:2      | Reached XP level 4. HP: 35/35 MP: 8/8
  1601 | D:2      | Found a radiant altar of Vehumet.
  2193 | D:2      | Reached XP level 5. HP: 18/42 MP: 10/10
  2588 | D:3      | Found a basalt altar of Yredelemnul.
  2971 | D:4      | Noticed an ogre
  3135 | D:4      | Reached skill level 4 in Fighting
  3135 | D:4      | Reached skill level 1 in Armour
  3216 | D:4      | Reached XP level 6. HP: 44/48 MP: 11/11
  3247 | D:4      | Noticed Menkaure
  3258 | D:4      | Demolished by Menkaure

Skill      XL: |  1  2  3  4  5 |
---------------+----------------+-----
Spellcasting   | 3 |  3.7
Bows           | 2 |  2.6
Dodging        | 1 |  1.9
Stealth        | 2 |  2.1
Fighting       | 4 |  4.0
Armour         | 1 |  1.1
Polearms       | |  0.9
Conjurations   | |  1.0
Evocations     | |  1.0

Action                   |  1- 3 |  4- 6 || total
-------------------------+-------+-------++-------
Melee: Mace              |    17 |       ||    17
       Whip              |       |    30 ||    30
       Spear             |       |   146 ||   146
 Fire: Shortbow          |    92 |    68 ||   160
  Use: Scroll            |       |     4 ||     4
Armor: Robe              |    11 |       ||    11
       Chain mail        |       |   106 ||   106
Dodge: Dodged            |    27 |    66 ||    93
Block: Other             |       |    57 ||    57
       Reflection        |       |     4 ||     4
